 Dungeon Crawl Stone Soup version 0.23.1-37-gaa34b87b72 (webtiles) character file.

Game seed: 17594147913263713525

23123 Marnok the Severer (level 12, -10/113 HPs)
             Began as a Minotaur Berserker on Mar 23, 2019.
             Was a High Priest of Trog.
             Mangled by a seven-headed hydra (11 damage)
             ... on level 5 of the Lair of Beasts.
             The game lasted 01:02:08 (13403 turns).

Marnok the Severer (Minotaur Berserker)            Turns: 13403, Time: 01:02:09

Health: -10/113    AC: 11    Str: 24    XL:     12   Next: 69%
Magic:  11/11      EV: 14    Int:  4    God:    Trog [*****.]
Gold:   907        SH:  0    Dex: 13    Spells: 11/11 levels left

rFire    + . .     SeeInvis +   a - +0 hand axe (drain)
rCold    x . .     Gourm    +   (no shield)
rNeg     . . .     Faith    .   y - +1 scale mail {MR+}
rPois    .         Spirit   .   A - +1 hat {SInv}
rElec    .         Reflect  .   i - scarf {repulsion}
rCorr    .         Harm     .   (no gloves)
MR       ++...                  (no boots)
Stlth    +.........             s - amulet of Tiff {Gourm Slay+3}
HPRegen  0.28/turn              T - ring of protection from magic
MPRegen  0.12/turn              u - ring of fire

@: about to teleport, berserk cooldown, slowed, repel missiles, very slow
A: retaliatory headbutt, horns 2
a: Berserk, Trog's Hand, Brothers in Arms, Renounce Religion


You were on level 5 of the Lair of Beasts.
You worshipped Trog.
Trog was extremely pleased with you.
You were very full.

You visited 2 branches of the dungeon, and saw 15 of its levels.

You collected 907 gold pieces.

Inventory:

Hand Weapons
 a - a +0 hand axe of draining (weapon)
 h - a +1 flail of holy wrath
 v - a +1 dagger of speed
 w - a +1 whip of freezing
 B - a +3 whip
 C - a +2 hand axe of freezing
 E - a +3 short sword
 J - a +3 glaive of venom
 K - a +2 quarterstaff of protection
 L - a +3 dire flail
 N - a +5 halberd of freezing
 Q - a +2 dagger of venom
Missiles
 r - 3 tomahawks (quivered)
Armour
 b - a +2 animal skin
 i - a scarf of repulsion (worn)
 y - a +1 scale mail of magic resistance (worn)
 A - a +1 hat of see invisible (worn)
Jewellery
 j - an uncursed amulet of faith
 q - an uncursed ring of ice
 s - the amulet of Tiff (around neck) {Gourm Slay+3}
   (You acquired it on level 6 of the Dungeon)

   [amulet of the gourmand]

   It allows you to eat raw meat even when not hungry.
   It affects your accuracy and damage with ranged weapons and melee attacks
   (+3).
 u - a ring of fire (right hand)
 z - an uncursed ring of positive energy
 T - a ring of protection from magic (left hand)
Wands
 m - a wand of paralysis (20)
 n - a wand of iceblast (9)
 o - a wand of polymorph (6)
 F - a wand of flame (17)
 G - a wand of enslavement (14)
 H - a wand of scattershot (7)
 R - a wand of disintegration (16)
Scrolls
 d - 2 scrolls of teleportation
 e - a scroll of noise
 f - a scroll of fear {unknown}
 g - 8 scrolls of remove curse
 t - a scroll of brand weapon
 x - 2 scrolls of holy word {unknown}
 D - 6 scrolls of identify
 S - a scroll of fog
Potions
 k - 3 potions of brilliance
 l - 2 potions of flight
 p - 2 potions of curing
 O - a potion of magic
 P - a potion of haste {unknown}
Comestibles
 c - 24 rations


   Skills:
 + Level 12.9 Fighting
 + Level 15.7 Axes
 + Level 0.1 Throwing
 + Level 12.2 Armour
 + Level 7.6 Dodging
 + Level 3.6 Stealth
 + Level 0.4 Evocations


You had 11 spell levels left.
You didn't know any spells.
Your spell library was empty.

Dungeon Overview and Level Annotations

Branches:
Dungeon (10/15)            Temple (0/1) D:7            Lair (4/6) D:10
  Snake (0/4) Lair:4
  Swamp: Lair:2-4    Shoals: Lair:2-4       Orc: D:9-12

Altars:
Cheibriados
Elyvilon
Fedhas
Gozag
Kikubaaqudgha
Okawaru
Ru
Sif Muna
Xom
Yredelemnul
The Shining One

Shops:
D:5 :   D:10 [

Annotations:
D:8 3 runed translucent doors, Floush's ghost, novice DrHu
Lair:3 1 runed translucent door
Lair:4 1 runed translucent door, Morbidden's ghost, journeyman DsGl


Innate Abilities, Weirdness & Mutations

You reflexively headbutt those who attack you in melee.
You have a pair of horns on your head.


Message History

The blink frog blinks!
The seven-headed hydra bites you!
* * * LOW HITPOINT WARNING * * *
The seven-headed hydra bites you.
* * * LOW HITPOINT WARNING * * *
The wolf howls!
The seven-headed hydra barely misses you.
The seven-headed hydra bites you but does no damage.
The seven-headed hydra closely misses you.
The seven-headed hydra completely misses you.
The seven-headed hydra bites you.
* * * LOW HITPOINT WARNING * * *
The blink frog hits you.
* * * LOW HITPOINT WARNING * * *
The seven-headed hydra bites you.
* * * LOW HITPOINT WARNING * * *
The seven-headed hydra bites you!
* * * LOW HITPOINT WARNING * * *
The seven-headed hydra completely misses you.
The seven-headed hydra bites you!
You die...

##....≈≈...
#.....≈≈≈...
#††....≈≈≈..
#.†.F...≈≈≈.
##†.....h≈≈.
#P.........^
##..........
#...D.%.....
###.@F......
♣♣♣.......
.......
.......
.......
♣......
♣..... ##♣♣.


You could see a seven-headed hydra, 2 blink frogs and a wolf.

Vanquished Creatures
  Gastronok (D:8)
  A hydra (Lair:4)
  Pikel (D:6)
  Maurice (D:8)
  7 elephants
  Joseph (D:7)
  3 black mambas
  5 spiny frogs
  A gargoyle (D:9)
  2 kobold demonologists (D:8)
  6 komodo dragons (Lair:1)
  A troll (D:9)
  2 polar bears
  7 hippogriffs
  5 blink frogs
  3 hogs (D:9)
  10 yaks
  A human (D:9)
  3 basilisks
  A soldier ant (D:9)
  11 water moccasins
  8 porcupines
  An orc warrior (D:9)
  3 sky beasts
  A necrophage (D:6)
  3 centaurs
  16 wolves (Lair:5)
  2 big kobolds
  7 crocodiles
  4 bullfrogs
  2 scorpions
  8 wights (D:9)
  2 howler monkeys
  2 bullfrog zombies
  2 crimson imps (D:9)
  An iron imp (D:6)
  5 orc priests
  6 orc wizards
  3 hounds
  A jelly (D:7)
  2 bullfrog skeletons
  2 centaur skeletons
  6 worker ants
  9 iguanas
  A hound skeleton (D:7)
  A worker ant zombie (D:5)
  12 adders
  2 gnolls (D:2)
  A shadow imp (D:6)
  2 oozes
  An adder zombie (D:3)
  4 worms
  5 leopard geckos
  22 orcs
  3 giant cockroaches
  3 goblins
  4 hobgoblins
  6 jackals
  3 quokkas
  5 ball pythons
  3 bats
  7 frilled lizards
  2 goblin zombies (D:6)
  9 kobolds
  4 kobold skeletons (D:6)
  3 kobold zombies (D:6)
  A leopard gecko zombie (D:6)
  An orc skeleton (D:6)
  2 orc zombies (D:6)
  A quokka skeleton (D:4)
  2 quokka zombies
  7 rats
  A fungus (Lair:4)
287 creatures vanquished.

Vanquished Creatures (collateral kills)
  A hydra (Lair:3)
  2 spiny frogs (Lair:3)
  2 wolves (Lair:5)
  2 iguanas (Lair:3)
7 creatures vanquished.

Vanquished Creatures (others)
  A centaur (D:6)
  A bullfrog (D:6)
  2 orcs (D:6)
  10 fungi
  2 plants (Lair:4)
16 creatures vanquished.

Grand Total: 310 creatures vanquished

Notes
Turn   | Place    | Note
-------+----------+-------------------------------------------
     0 | D:1      | Marnok the Minotaur Berserker began the quest for the Orb.
     0 | D:1      | Reached XP level 1. HP: 19/19 MP: 0/0
   334 | D:2      | Reached XP level 2. HP: 27/27 MP: 1/1
   344 | D:3      | Reached skill level 4 in Axes
   500 | D:2      | Found a blossoming altar of Fedhas.
   501 | D:2      | Found an ancient bone altar of Kikubaaqudgha.
   697 | D:1      | Reached XP level 3. HP: 30/33 MP: 2/2
  1058 | D:2      | Found an iron altar of Okawaru.
  1194 | D:3      | Reached XP level 4. HP: 17/40 MP: 3/3
  1465 | D:3      | Reached ** piety under Trog
  1465 | D:3      | Reached skill level 5 in Axes
  2313 | D:4      | Reached XP level 5. HP: 13/47 MP: 4/4
  2373 | D:4      | HP: 2/47 [worm (6)]
  2672 | D:5      | Entered Level 5 of the Dungeon
  2772 | D:4      | Reached XP level 6. HP: 26/53 MP: 5/5
  2817 | D:4      | Reached skill level 6 in Axes
  3411 | D:5      | Found a sacrificial altar of Ru.
  3411 | D:5      | Found a basalt altar of Yredelemnul.
  3671 | D:5      | Reached skill level 5 in Fighting
  3671 | D:5      | Reached skill level 1 in Stealth
  3881 | D:5      | Reached skill level 5 in Armour
  3881 | D:5      | Reached XP level 7. HP: 59/61 MP: 6/6
  4048 | D:4      | Reached *** piety under Trog
  4498 | D:4      | Found a white marble altar of Elyvilon.
  4656 | D:5      | Found a snail-covered altar of Cheibriados.
  4790 | D:5      | Found Sedots's Book Boutique.
  4833 | D:6      | Noticed Pikel
  4839 | D:6      | Killed Pikel
  4839 | D:6      | Reached skill level 8 in Axes
  4839 | D:6      | Reached XP level 8. HP: 70/70 MP: 7/7
  4873 | D:6      | Found a glowing golden altar of the Shining One.
  4898 | D:6      | Identified 2 scrolls of acquirement
  4901 | D:6      | Got a steaming bone amulet
  4975 | D:6      | Reached skill level 9 in Axes
  4981 | D:6      | Found a deep blue altar of Sif Muna.
  5007 | D:7      | Noticed Joseph
  5192 | D:7      | Found a staircase to the Ecumenical Temple.
  5324 | D:7      | Identified the amulet of Tiff {Gourm Slay+3} (You acquired
                  | it on level 6 of the Dungeon)
  5467 | D:7      | Reached skill level 5 in Dodging
  5481 | D:8      | Noticed a kobold demonologist
  5481 | D:8      | Noticed a kobold demonologist
  5743 | D:8      | Noticed Gastronok
  5756 | D:8      | Killed Gastronok
  5756 | D:8      | Reached skill level 11 in Axes
  5756 | D:8      | Reached XP level 9. HP: 76/80 MP: 8/8
  5879 | D:7      | Reached skill level 12 in Axes
  5990 | D:7      | Reached XP level 10. HP: 84/89 MP: 9/9
  6168 | D:7      | Killed Joseph
  6438 | D:8      | Noticed an orange demon
  6472 | D:8      | Reached skill level 13 in Axes
  6477 | D:8      | Noticed Maurice
  6488 | D:8      | Killed Maurice
  6784 | D:8      | Found a runed translucent gate.
  6784 | D:8      | Found a runed translucent gate.
  6785 | D:8      | Found a runed translucent gate.
  6799 | D:8      | Found an opulent altar of Gozag.
  6800 | D:8      | Noticed an unseen horror
  6800 | D:8      | Noticed Floush's ghost (novice DrHu)
  7509 | D:10     | Entered Level 10 of the Dungeon
  8000 | D:10     | Noticed a gargoyle
  8001 | D:10     | Found Deqiru Cuclu's Antique Armour Boutique.
  8003 | D:10     | Found a staircase to the Lair.
  8003 | D:10     | Noticed an elephant
  8132 | D:9      | Killed an elephant
  8141 | D:9      | Reached skill level 14 in Axes
  8143 | D:9      | Reached **** piety under Trog
  8143 | D:9      | Reached skill level 10 in Fighting
  8376 | D:9      | Reached XP level 11. HP: 73/99 MP: 10/10
  8791 | Lair:1   | Entered Level 1 of the Lair of Beasts
  9835 | Lair:2   | Reached skill level 10 in Armour
  9860 | Lair:2   | Reached skill level 15 in Axes
 11410 | Lair:2   | Reached XP level 12. HP: 111/111 MP: 11/11
 11538 | Lair:3   | Found a runed translucent door.
 11538 | Lair:3   | Noticed a five-headed hydra
 11543 | Lair:3   | Noticed a five-headed hydra
 11549 | Lair:3   | Killed a five-headed hydra
 11816 | Lair:3   | Noticed a four-headed hydra
 11816 | Lair:3   | Noticed a seven-headed hydra
 12225 | Lair:4   | Killed a nine-headed hydra
 12800 | Lair:4   | Reached ***** piety under Trog
 12895 | Lair:4   | Found a staircase to the Snake Pit.
 13315 | Lair:4   | Found a runed translucent door.
 13315 | Lair:4   | Found a shimmering altar of Xom.
 13315 | Lair:4   | Noticed Morbidden's ghost (journeyman DsGl)
 13362 | Lair:3   | You fall through a shaft for 2 floors!
 13392 | Lair:5   | Noticed a seven-headed hydra
 13403 | Lair:5   | HP: 1/113 [seven-headed hydra (12)]
 13403 | Lair:5   | Mangled by a seven-headed hydra

Skill      XL: |  1  2  3  4  5  6  7  8  9 10 11 12 |
---------------+-------------------------------------+-----
Axes           | 4 5 6 8 11 12 14 15 | 15.7
Armour         | 3 4 5 6 8 10 12 | 12.2
Fighting       | 4 5 8 10 11 12 | 12.9
Dodging        | 3 4 5 6 7 |  7.6
Stealth        | 1 2 3 |  3.6
Throwing       | |  0.1
Evocations     | |  0.4

Action                   |  1- 3 |  4- 6 |  7- 9 | 10-12 || total
-------------------------+-------+-------+-------+-------++-------
Melee: Hand axe          |    77 |   113 |   127 |   563 ||   880
       Headbutt          |     8 |    19 |    29 |   130 ||   186
Throw: Tomahawk          |       |       |       |     1 ||     1
Invok: Berserk           |       |     1 |     2 |     2 ||     5
       Brothers in Arms  |       |       |       |     3 ||     3
Evoke: Wand              |       |       |       |     4 ||     4
  Use: Scroll            |       |     7 |     6 |    10 ||    23
       Potion            |       |     1 |       |    14 ||    15
 Stab: Distracted        |       |       |     1 |       ||     1
       Sleeping          |       |       |     1 |       ||     1
  Eat: Chunk             |     1 |     6 |    13 |    31 ||    51
       Ration            |       |     1 |     1 |       ||     2
Armor: Ring mail         |    26 |    10 |       |       ||    36
       Animal skin       |       |     7 |     6 |       ||    13
       Scale mail        |       |       |    12 |   176 ||   188
Dodge: Dodged            |    46 |    78 |    54 |   354 ||   532
